 Dungeon Crawl Stone Soup version 0.19.0-2-gae57169 (webtiles) character file.

803 xeno23 the Firebug (level 7, -9/36 HPs)
             Began as a Deep Elf Fire Elementalist on Nov 5, 2016.
             Was a Follower of Vehumet.
             Mangled by lorenzova's ghost (13 damage)
             ... on level 6 of the Dungeon.
             The game lasted 00:12:09 (5134 turns).

xeno23 the Firebug (Deep Elf Fire Elementalist)     Turns: 5134, Time: 00:12:10

Health: -9/36      AC:  2    Str:  5    XL:     7   Next: 59%
Magic:  7/31       EV: 13    Int: 22    God:    Vehumet [*.....]
Gold:   277        SH:  0    Dex: 15    Spells: 4 memorised, 3 levels left

rFire  . . .     SeeInvis +     l - staff of power
rCold  . . .     Gourm    .     a - +0 robe
rNeg   . . .     Faith    .     (no shield)
rPois  +         Spirit   .     (no helmet)
rElec  .         Reflect  .     (no cloak)
rCorr  .         Harm     .     (no gloves)
MR     .....                    (no boots)
Stlth  ++........               s - amulet of inaccuracy (curse)
                                w - ring of poison resistance
                                m - ring of see invisible

@: very slightly contaminated
A: no striking features
a: Renounce Religion


You were on level 6 of the Dungeon.
You worshipped Vehumet.
Vehumet was aware of your devotion.
You were very hungry.

You visited 2 branches of the dungeon, and saw 7 of its levels.

You collected 277 gold pieces.

Inventory:

Hand Weapons
 e - a +0 mace
 g - a +0 spear
Armour
 a - a +0 robe (worn)
 C - cursed +0 ice dragon scales
Magical Staves
 l - an uncursed staff of power (weapon)
Jewellery
 m - a ring of see invisible (left hand)
 s - a cursed amulet of inaccuracy (around neck)
 w - a ring of poison resistance (right hand)
 E - an uncursed amulet of guardian spirit {unknown}
Wands
 p - a wand of acid (10/15)
 z - a wand of slowing (27/48)
 B - a wand of slowing (26/48)
Scrolls
 d - 2 scrolls of teleportation {unknown}
 f - 2 scrolls of amnesia {unknown}
 h - a scroll of enchant weapon {unknown}
 k - 3 scrolls of remove curse {unknown}
 n - a scroll of fear {unknown}
 o - 2 scrolls of identify {unknown}
 t - a scroll of blinking {unknown}
 v - a scroll of recharging {unknown}
 x - 2 scrolls of noise {unknown}
 y - a scroll of random uselessness {unknown}
 G - a scroll of magic mapping {unknown}
Potions
 i - a potion of beneficial mutation {unknown}
 j - a potion of brilliance {unknown}
 u - 2 potions of flight {unknown}
 F - a potion of haste {unknown}
Books
 b - a book of Flames

   Spells                             Type                      Level
   a - Flame Tongue                   Conjuration/Fire             1
   b - Throw Flame                    Conjuration/Fire             2
   c - Conjure Flame                  Conjuration/Fire             3
   d - Inner Flame                    Hexes/Fire                   3
   e - Sticky Flame                   Conjuration/Fire             4
   f - Fireball                       Conjuration/Fire             5
Comestibles
 c - 2 bread rations
 q - 3 meat rations
 r - 5 fruits
 A - 5 chunks of flesh
 D - a beef jerky


   Skills:
 - Level 2.4 Dodging
 - Level 2.4 Stealth
 - Level 5.1 Spellcasting
 * Level 6.0 Conjurations
 * Level 7.0 Fire Magic


You had 3 spell levels left.
You knew the following spells:

 Your Spells              Type           Power        Failure   Level  Hunger
a - Flame Tongue          Conj/Fire      ####.        1%          1    None
d - Conjure Flame         Conj/Fire      ####....     1%          3    ##.....
q - Fireball              Conj/Fire      ####......   21%         5    #####..
s - Sticky Flame          Conj/Fire      ####....     10%         4    ####...


Dungeon Overview and Level Annotations

Branches:
Dungeon (6/15)             Temple (1/1) D:5

Altars:
Ashenzari
Cheibriados
Dithmenos
Elyvilon
Fedhas
Gozag
Hepliaklqana
Kikubaaqudgha
Makhleb
Nemelex Xobeh
Okawaru
Qazlal
Ru
Sif Muna
Trog
Uskayaw
Vehumet
Xom
Yredelemnul
Zin
The Shining One

Annotations:
D:6 lorenzova's ghost, novice MiBe


Message History

Casting: Fireball
Confirm with . or Enter, or press ? or * to list all spells.
Aiming: Fireball
Press: ? - help, Shift-Dir - straight line You miscast Fireball.
You are very lightly contaminated with residual magic.
You smell smoke.
You are feeling very hungry.
Lorenzova's ghost is engulfed in roaring flames.
Lorenzova's ghost hits you!
You take 9 damage.
A centaur comes into view.
The centaur wields a shortbow.
The centaur shoots an arrow.
The arrow hits you!
* * * LOW HITPOINT WARNING * * *
You see here an arrow.
You take 9 damage.
The centaur shoots an arrow.
The arrow hits you.
* * * LOW HITPOINT WARNING * * *
Lorenzova's ghost hits you!
You die...

..##.###..######..# ### #.##.#
#..........# ..#
#>##.###..#######.# #.#
#.#.#.....c..)...
####..###.#..#######
.#########....## ##......#
.............#.###.#...#.####
########......##W#.###........
.........#......@(.....#######
########...############# #####


You could see a centaur and lorenzova's ghost.

Vanquished Creatures
  A black bear (D:4)
  2 ice beasts (D:5)
  A phantom (D:5)
  2 bullfrogs (D:6)
  2 hounds (D:6)
  A jelly (D:5)
  An iguana (D:5)
  2 worker ants
  2 adders
  An ooze (D:4)
  An adder skeleton (D:4)
  4 worms
  3 dart slugs
  6 leopard geckos
  3 orcs
  2 ball pythons
  16 giant cockroaches
  6 goblins
  10 hobgoblins
  13 jackals
  5 quokkas
  6 bats
  5 frilled lizards
  7 kobolds
  9 rats
111 creatures vanquished.

Notes
Turn   | Place    | Note
-------+----------+-------------------------------------------
     0 | D:1      | xeno23 the Deep Elf Fire Elementalist began the quest for the Orb.
     0 | D:1      | Reached XP level 1. HP: 10/10 MP: 6/6
   183 | D:1      | Reached XP level 2. HP: 12/15 MP: 0/8
   758 | D:2      | Reached XP level 3. HP: 18/19 MP: 8/10
   766 | D:2      | Learned a level 3 spell: Conjure Flame
  1070 | D:2      | Found a faded altar of an unknown god.
  1347 | D:2      | Reached skill level 4 in Fire Magic
  1547 | D:3      | You fall through a shaft!
  1609 | D:3      | Reached XP level 4. HP: 24/24 MP: 11/11
  1650 | D:3      | Learned a level 4 spell: Sticky Flame
  2403 | D:4      | Reached XP level 5. HP: 28/28 MP: 13/13
  3026 | D:4      | Noticed a black bear
  3062 | D:4      | Killed a black bear
  3062 | D:4      | Reached skill level 5 in Fire Magic
  3062 | D:4      | Reached XP level 6. HP: 31/32 MP: 11/14
  3333 | D:5      | Entered Level 5 of the Dungeon
  3350 | D:5      | Found a staircase to the Ecumenical Temple.
  3375 | D:5      | Noticed an ice beast
  3393 | Temple   | Entered the Ecumenical Temple
  3455 | Temple   | Became a worshipper of Vehumet
  3815 | D:5      | Noticed an ice beast
  3828 | D:5      | Killed an ice beast
  4001 | D:5      | Reached skill level 5 in Spellcasting
  4001 | D:5      | Reached skill level 5 in Conjurations
  4001 | D:5      | Reached skill level 6 in Fire Magic
  4001 | D:5      | Reached XP level 7. HP: 36/36 MP: 16/16
  4009 | D:5      | Learned a level 5 spell: Fireball
  4646 | D:6      | Noticed lorenzova's ghost (novice MiBe)
  4909 | D:6      | Reached skill level 7 in Fire Magic
  4912 | D:6      | Reached * piety under Vehumet
  4912 | D:6      | Offered knowledge of Shock by Vehumet.
  5134 | D:6      | Mangled by lorenzova's ghost

Skill      XL: |  1  2  3  4  5  6  7 |
---------------+----------------------+-----
Conjurations   | 2 3 4 5 6 |  6.0
Fire Magic     | 4 5 6 7 |  7.0
Spellcasting   | 4 5 |  5.1
Dodging        | |  2.4
Stealth        | |  2.4

Action                   |  1- 3 |  4- 6 |  7- 9 || total
-------------------------+-------+-------+-------++-------
Melee: Mace              |     7 |    27 |       ||    34
       Staff             |     2 |     2 |     2 ||     6
 Cast: Flame Tongue      |    87 |   110 |    28 ||   225
       Sticky Flame      |       |     2 |     4 ||     6
       Conjure Flame     |       |     3 |     3 ||     6
       Fireball          |       |       |     3 ||     3
 Stab: Sleeping          |       |     1 |       ||     1
  Eat: Chunk             |     2 |     8 |     4 ||    14
Armor: Robe              |     7 |     7 |     3 ||    17
Dodge: Dodged            |    29 |    36 |    12 ||    77
